 Dungeon Crawl Stone Soup version 0.21-a0-200-gb89f83b (console) character file.

1804 Duffy the Thaumaturge (level 8, -8/40 HPs)
             Began as a Spriggan Enchanter on Aug 16, 2017.
             Was a Believer of Kikubaaqudgha.
             Mangled by a yak (11 damage)
             ... on level 6 of the Dungeon.
             The game lasted 00:13:32 (7264 turns).

Duffy the Thaumaturge (Spriggan Enchanter)          Turns: 7264, Time: 00:13:33

Health: -8/40      AC:  4    Str:  2    XL:     8   Next: 83%
Magic:  13/21      EV: 24    Int: 16    God:    Kikubaaqudgha [**....]
Gold:   248        SH:  0    Dex: 19    Spells: 6/24 levels left

rFire    . . .     SeeInvis +   a - +2 dagger
rCold    . . .     Gourm    .   (shield restricted)
rNeg     . . .     Faith    +   b - +0 robe
rPois    .         Spirit   .   t - +2 hat
rElec    .         Reflect  .   (no cloak)
rCorr    .         Harm     .   (gloves unavailable)
MR       +....                  (boots unavailable)
Stlth    ++++......             m - amulet of faith
HPRegen  0.13/turn              y - -2 ring of strength (curse)
MPRegen  0.17/turn              u - +2 ring of evasion

@: about to teleport, very quick
A: unfitting armour, see invisible, herbivore 3, speed 3, screaming 1, slow
metabolism 2, wild magic 1
a: Receive Corpses, Renounce Religion


You were on level 6 of the Dungeon.
You worshipped Kikubaaqudgha.
Kikubaaqudgha was pleased with you.
You were not hungry.

You visited 2 branches of the dungeon, and saw 8 of its levels.

You collected 248 gold pieces.

Inventory:

Hand Weapons
 a - a +2 dagger (weapon)
Missiles
 x - 8 tomahawks of returning (quivered)
Armour
 b - a +0 robe (worn)
 t - a +2 hat (worn)
Jewellery
 e - an uncursed ring of poison resistance
 m - an amulet of faith (around neck)
 u - a +2 ring of evasion (right hand)
 y - a cursed -2 ring of strength (left hand)
Wands
 c - a wand of paralysis (10/24)
 q - a wand of flame (27/48)
Scrolls
 i - 2 scrolls of enchant weapon
 j - a scroll of enchant armour {unknown}
 l - a scroll of fog {unknown}
 n - a scroll of immolation {unknown}
 v - a scroll of fear {unknown}
 w - a scroll of remove curse {unknown}
Potions
 g - a potion of lignification {unknown}
 h - a potion of agility
 k - 2 potions of brilliance
 o - 2 potions of curing
 r - a potion of flight {unknown}
 s - a potion of resistance {unknown}
 z - a potion of might {unknown}
Books
 f - Kikubaaqudgha's Tome of Evil
   (Kikubaaqudgha gifted it to you on level 4 of the Dungeon)

   Spells                             Type                      Level
   a - Animate Skeleton               Necromancy                   1
   b - Corpse Rot                     Necromancy                   2
   c - Sublimation of Blood           Necromancy                   2
   d - Regeneration                   Charms/Necromancy            3
   e - Control Undead                 Necromancy                   4
Comestibles
 p - 2 bread rations
 A - a fruit


   Skills:
 - Level 3.0 Fighting
 - Level 4.0 Short Blades
 - Level 6.2 Dodging
 - Level 6.8 Stealth
 + Level 8.5 Spellcasting
 + Level 7.4 Hexes


You had 6 spell levels left.
You knew the following spells:

 Your Spells              Type           Power        Failure   Level  Hunger
a - Ensorcelled Hibernat  Hex/Ice        ###...       6%          2    None
c - Confuse               Hex            #####...     3%          3    #......
d - Sublimation of Blood  Necr           #.........   22%         2    None
k - Dazzling Spray        Conj/Hex       ###...       11%         3    #......
l - Tukima's Dance        Hex            #####...     3%          3    #......
r - Corona                Hex            #####..      1%          1    None
u - Apportation           Tloc           #.....       16%         1    None
y - Regeneration          Chrm/Necr      #.........   41%         3    #......


Dungeon Overview and Level Annotations

Branches:
Dungeon (7/15)             Temple (1/1) D:6

Altars:
Dithmenos
Elyvilon
Fedhas
Hepliaklqana
Kikubaaqudgha
Makhleb
Qazlal
Sif Muna
Trog
Vehumet
Wu Jian
Xom
Lugonu


Innate Abilities, Weirdness & Mutations

You are very small and have problems with some larger weapons.
You are too small for most types of armour.
You have supernaturally acute eyesight. (SInv)
You are a herbivore.
You cover ground extremely quickly.
You need consume almost no food.
You occasionally shout uncontrollably at your foes.
Your spells are a little harder to cast, but a little more powerful.


Message History

The centaur suddenly stops moving!
Evoking this partially-identified wand wasted a few charges.
The helpless centaur fails to defend itself.
You skewer the centaur like a kebab!!!
You kill the centaur!
Kikubaaqudgha accepts your kill.
You see here 2 arrows.
You start resting.
You see here a yak corpse.
Things that are here:
an uncursed shortbow; 8 arrows; a yak corpse
Things that are here:
an uncursed shortbow; 8 arrows; a yak corpse
Okay, then.
Okay, then.
As you read the scroll of teleportation, it crumbles to dust.
You feel strangely unstable. The yak gores you!
You die...
Kikubaaqudgha rasps: "You have failed me!
Welcome... death!"

.....................#
.................#...# .
.......###......(....#.#.# ..
.......##..###.#(##....... .#...
.##........##........#(..# ..#. #
.#..#..#.......#..##.#..###...#.
....##.#.#.##..#.###.#..##.....#.
%..###.c.......#Y# #.........#..#
..###...>......#@# #..........
...............#)# #...##..##
...##.........Y.Y# ##.#......#
..###...(..(...### #..####.#.##
.........#...### #.## #....#
.###........## ##.# ###..#
............### #..# #..##
.#........Y...#####.## #...#
............#.......# #.#.#


You could see 2 yaks.

Vanquished Creatures
  Sigmund (D:2)
  2 yaks (D:6)
  Menkaure (D:5)
  An ice beast (D:6)
  3 ogres
  A centaur (D:6)
  2 bullfrogs
  A scorpion (D:5)
  4 wights
  A hound (D:5)
  An orc priest (D:4)
  An iguana (D:4)
  Terence (D:3)
  3 orc wizards (D:4)
  2 worker ants (D:4)
  A hound zombie (D:5)
  6 adders
  4 gnolls (D:2)
  2 shadow imps (D:5)
  2 oozes (D:3)
  An adder skeleton (D:4)
  3 worms
  2 dart slugs
  6 leopard geckos
  18 orcs
  6 bats
  6 giant cockroaches
  6 goblins
  8 hobgoblins
  9 jackals
  2 quokkas (D:6)
  3 ball pythons
  7 frilled lizards
  9 kobolds
  A leopard gecko skeleton (D:4)
  A quokka skeleton (D:5)
  A quokka zombie (D:5)
  7 rats
136 creatures vanquished.

Notes
Turn   | Place    | Note
-------+----------+-------------------------------------------
     0 | D:1      | Duffy the Spriggan Enchanter began the quest for the Orb.
     0 | D:1      | Reached XP level 1. HP: 9/9 MP: 5/5
    17 | D:2      | Reached XP level 2. HP: 13/13 MP: 6/6
    21 | D:2      | Learned a level 2 spell: Ensorcelled Hibernation
    50 | D:1      | Reached skill level 3 in Spellcasting
   699 | D:1      | Reached XP level 3. HP: 13/16 MP: 8/8
   704 | D:1      | Learned a level 3 spell: Confuse
  1537 | D:2      | Gained mutation: You occasionally shout uncontrollably at your foes. [potion of mutation]
  1537 | D:2      | Gained mutation: Your spells are a little harder to cast, but a little more powerful. [potion of mutation]
  1538 | D:2      | Noticed Sigmund
  1548 | D:2      | Killed Sigmund
  1548 | D:2      | Reached skill level 6 in Spellcasting
  1548 | D:2      | Reached XP level 4. HP: 16/21 MP: 4/13
  1548 | D:2      | Reached XP level 5. HP: 18/24 MP: 4/14
  1623 | D:2      | Learned a level 3 spell: Tukima's Dance
  1627 | D:2      | Learned a level 3 spell: Dazzling Spray
  2152 | D:2      | Reached skill level 5 in Stealth
  2684 | D:2      | Reached XP level 6. HP: 28/28 MP: 2/16
  3024 | D:3      | Noticed Terence
  3034 | D:3      | Killed Terence
  3378 | D:3      | Found an ancient bone altar of Kikubaaqudgha.
  3401 | D:3      | Found a deep blue altar of Sif Muna.
  3403 | D:3      | Found a radiant altar of Vehumet.
  3412 | D:3      | Became a worshipper of Kikubaaqudgha
  3420 | D:3      | Identified Sif Muna's Tome of Displacement
  3472 | D:3      | Learned a level 1 spell: Apportation
  4496 | D:4      | Reached skill level 1 in Fighting
  4581 | D:4      | Reached skill level 5 in Hexes
  4581 | D:4      | Reached XP level 7. HP: 33/33 MP: 15/18
  4837 | D:4      | Found a shadowy altar of Dithmenos.
  5122 | D:4      | Reached * piety under Kikubaaqudgha
  5122 | D:4      | Identified Kikubaaqudgha's Tome of Evil (Kikubaaqudgha gifted it to you on level 4 of the Dungeon)
  5122 | D:4      | Received a gift from Kikubaaqudgha
  5238 | D:4      | Learned a level 2 spell: Sublimation of Blood
  5242 | D:4      | Learned a level 3 spell: Regeneration
  5510 | D:5      | Entered Level 5 of the Dungeon
  5724 | D:5      | Noticed Menkaure
  5733 | D:5      | Killed Menkaure
  5733 | D:5      | Reached skill level 5 in Dodging
  5958 | D:5      | Found an ornate altar of the Wu Jian Council.
  6071 | D:5      | Reached XP level 8. HP: 40/40 MP: 16/19
  6670 | D:6      | Found a blossoming altar of Fedhas.
  6750 | D:6      | Reached skill level 7 in Spellcasting
  6776 | D:6      | Found a staircase to the Ecumenical Temple.
  6780 | Temple   | Entered the Ecumenical Temple
  6845 | D:6      | You fall through a shaft!
  6914 | D:6      | Reached ** piety under Kikubaaqudgha
  7240 | D:6      | Reached skill level 8 in Spellcasting
  7251 | D:6      | HP: 1/40 [centaur (8)]
  7264 | D:6      | Mangled by a yak

Vault maps used:
D:1:      lemuel_arrival_river_ford
D:2:      uniq_sigmund
D:3:      grunt_temple_overflow_magic_moments, uniq_terence
D:4:      kennysheep_mini
D:5:      old_standard_altar, first_bread, uniq_menkaure
D:6:      dancing_weapons_uskayaw, old_standard_altar,
          grunt_temple_overflow_gold_and_silver, temple_hall_moat,
          hangedman_decor_opposing
D:7:      nicolae_overflow_crystal_walls, grunt_ogre_cave, feat_on_display
Temple:   corrupted_temple

Skill      XL: |  1  2  3  4  5  6  7  8 |
---------------+-------------------------+-----
Spellcasting   | 3 6 8 |  8.5
Short Blades   | 2 3 4 |  4.0
Hexes          | 4 5 7 |  7.4
Stealth        | 5 6 |  6.8
Fighting       | 1 3 |  3.0
Dodging        | 6 |  6.2

Action                   |  1- 3 |  4- 6 |  7- 9 || total
-------------------------+-------+-------+-------++-------
Melee: Dagger            |   139 |   196 |   169 ||   504
 Cast: Ensorcelled Hiber |     7 |    50 |    44 ||   101
       Confuse           |       |       |    10 ||    10
Evoke: Wand              |       |       |     3 ||     3
  Use: Scroll            |     2 |     1 |     4 ||     7
       Potion            |     1 |       |       ||     1
 Stab: Sleeping          |    14 |    35 |    33 ||    82
       Distracted        |       |     1 |     1 ||     2
       Confused          |       |       |     6 ||     6
       Paralysed         |       |       |     1 ||     1
  Eat: Bread ration      |       |     1 |       ||     1
       Fruit             |       |     1 |       ||     1
Armor: Robe              |    13 |    12 |     5 ||    30
Dodge: Dodged            |   129 |   126 |   130 ||   385
